 Dungeon Crawl Stone Soup version 0.31.0-11-ge490571c62 (webtiles) character file.

Game seed: 16937109438162204906

5 Amelense the Ruffian (level 1, -2/19 HPs)
             Began as a Ghoul Berserker on Feb 7, 2024.
             Was a Follower of Trog.
             Slain by a quokka (3 damage)
             ... on level 1 of the Dungeon.
             The game lasted 00:01:43 (173 turns).

Amelense the Ruffian (Ghoul Berserker)               Turns: 173, Time: 00:01:44

Health: -2/19      AC:  2    Str: 20    XL:     1   Next: 80%
Magic:  1/1        EV: 11    Int:  6    God:    Trog [*.....]
Gold:   16         SH:  0    Dex:  8    Spells: 0/0 levels left

rFire   . .          .
                       - Unarmed
rCold   + . .        (no shield)
rNeg    + + +        a - +0 animal skin
rPois   ∞            (no helmet)
rElec   .            (no cloak)
rCorr   .            (no gloves)
SInv    .            (no boots)
Will    .....        (no amulet)
Stlth   +            (no ring)
HPRegen 0.00/turn    (no ring)
MPRegen 0.07/turn

%: no passive effects
@: inhibited regen
A: claws 1, cold resistance 1, negative energy resistance 3, inhibited
regeneration, torment resistance 2, devour on kill
a: Renounce Religion


You were on level 1 of the Dungeon.
You worshipped Trog.
Trog was aware of your devotion.
You visited 1 branch of the dungeon, and saw 1 of its levels.

You collected 16 gold pieces.

Inventory:

Armour
 a - a +0 animal skin (worn)
Scrolls
 b - a scroll of noise {unknown}


   Skills:
 + Level 3.4 Fighting
 + Level 1.7 Armour
 + Level 1.7 Dodging
 * Level 3.6 Unarmed Combat


You couldn't memorise any spells.
You didn't know any spells.
Your spell library was empty.

Dungeon Overview and Level Annotations

Branches:
Dungeon (1/15)

Altars:


Innate Abilities, Weirdness & Mutations

You are immune to poison.
You have sharp fingernails.
Your flesh is cold resistant. (rC+)
You are immune to negative energy. (rN+++)
You do not regenerate when monsters are visible.
You are immune to unholy pain and torment.
You thrive by killing the living.


Message History

You completely miss the kobold. The bat hits you but does no damage. x2
The kobold hits you with a +0 dagger.
You barely miss the kobold. The bat hits you. The kobold barely misses you.
A hobgoblin comes into view.
You claw the kobold!
You kill the kobold!
Trog accepts your kill. The bat closely misses you.
A quokka comes into view.
You completely miss the endoplasm. The bat hits you. The endoplasm misses you.
You claw the bat!
You kill the bat!
Trog accepts your kill.
The endoplasm hits you but does no damage.
You scratch the endoplasm.
The endoplasm is heavily wounded.
The endoplasm freezes you.
You are frozen.
You resist.
You scratch the endoplasm but do no damage.
The endoplasm is heavily wounded.
The endoplasm hits you.
You scratch the endoplasm but do no damage.
The endoplasm is heavily wounded.
The goblin closely misses you. The hobgoblin misses you.
The endoplasm misses you.
You scratch the endoplasm.
You kill the endoplasm!
Trog accepts your kill. The goblin hits you with a +0 club.
The hobgoblin hits you. The quokka misses you.
The quokka attacks as it pursues you! The quokka barely misses you.
You barely miss the quokka. The quokka barely misses you.
You barely miss the quokka. The quokka barely misses you.
You scratch the quokka but do no damage.
The quokka bites you.
* * * LOW HITPOINT WARNING * * *
You miss the quokka. Your claw misses the quokka. The quokka bites you.
* * * LOW HITPOINT WARNING * * *
You barely miss the quokka. The quokka bites you.
You die...

.....................#
.....................#
.....................#
.....................#
.....................#
.....................##
#...........#..........
'...............#######
#..........####.@#
##........##..##r#
#........#...)gg#
#........#..##..#
#........# ##.#
#.........# #..
#.......... #..#
#........## #..# ....


You could see a quokka, a hobgoblin and a goblin.

Vanquished Creatures
  2 endoplasms (D:1)
  A kobold (D:1)
  A bat (D:1)
  A rat (D:1)
5 creatures vanquished.

Notes
Turn   | Place    | Note
-------+----------+-------------------------------------------
     0 | D:1      | Amelense the Ghoul Berserker began the quest for the Orb.
     0 | D:1      | Reached XP level 1. HP: 19/19 MP: 1/1
   173 | D:1      | Slain by a quokka

Illustrated notes

Levels and vault maps discovered:
D:1:      evilmike_arrival_plus, layout_basic,
          hellmonk_ecumenical_altar_blasted, minmay_close_crescents

Action                     || total
---------------------------++-------
  Melee: Unarmed           ||    22
 Armour: Animal skin       ||    20
  Dodge: Dodged            ||    14
